Map: Ancient Cistern LE

Players

IA (très facile)

  • Race: Protoss Protoss
  • Spawn Location: 1:00

Mafdet - Winner!

  • Race: Zerg Zerg
  • League: Bronze
  • Spawn Location: 7:00

VOD

Have the link to the VOD?

Description

Normally I'm supposed to go either for Great Spire or for Ultralisk Cavern once the Hive is finished (small spire is my end of build). If I go Great Spire I put Flying Armor first. If I go ultralisk I put ultralisk armor to reduce squishyness.

Time

  • Played on: Aug. 21, 2023, 7:53 p.m.
  • Length: 15:44
Show
View Real Time Build Order
Export as new Build Order

IA (très facile) Protoss 

Build Orders:  

Get SALT Encoding   

  12  0:00  Probe  
  13  0:13  Probe  
  14  0:20  Pylon  
  14  0:37  Assimilator  
  14  0:43  Gateway  
  14  0:46  Pylon  
  14  1:14  Assimilator  
  14  1:18  Probe  
  15  1:26  Probe  
  16  1:34  Cybernetics Core, Probe  
  17  1:44  Probe  
  18  1:56  Probe  
  18  2:00  Warp Gate  
  19  2:04  Probe  
  19  2:11  Stalker  
  22  5:31  Zealot  
  22  5:32  Probe  
  22  5:33  Pylon  
  22  5:35  Robotics Facility  
  25  5:41  Probe  
  25  5:49  Probe  
  27  5:59  Probe  
  28  6:08  Pylon  
  28  6:10  Probe  
  27  6:22  Zealot  
  27  6:23  Observer  
  30  6:44  Observer  
  31  7:06  Nexus  
  31  7:13  Stalker  
  33  8:19  Probe  
  34  8:24  Probe  
  35  8:28  Assimilator  
  35  8:31  Assimilator  
  35  8:32  Probe  
  36  8:37  Probe  
  37  8:44  Probe  
  38  8:55  Probe  
  40  9:02  Probe  
  41  9:10  Probe  
  41  9:17  Probe  
  41  9:20  Probe  
  43  9:31  Probe  
  43  9:34  Probe  
  45  9:45  Probe  
  46  9:53  Probe  
  47  10:00  Probe  
  48  10:39  Warp Prism  
  48  10:45  Adept  
  48  10:46  Gateway  
  48  10:49  Robotics Bay  
  52  10:52  Stargate  
  52  10:54  Pylon  
  50  11:07  Warp Prism  
  46  11:17  Sentry  
  50  11:36  Gateway, Observer, Gravitic Boosters  
  51  11:49  Phoenix  
  49  11:58  Pylon, Probe  
  39  12:10  Probe  
  36  12:17  Void Ray  
  36  12:22  Probe  
  34  12:33  Gravitic Drive  
  34  12:34  Probe  
  27  12:46  Immortal, Probe  
  31  12:58  Probe  
  32  13:11  Probe  
  37  13:20  Void Ray  
  37  13:23  Probe  
  38  13:34  Probe  
  39  13:42  Probe  
  39  13:43  Stalker  
  42  13:50  Observer, Probe  
  42  13:51  Pylon  
  43  14:01  Probe  
  32  14:12  Immortal  
  32  14:13  Probe  
  37  14:25  Probe  
  38  14:36  Void Ray  
  38  14:37  Probe  
  43  14:46  Pylon  
  43  14:50  Probe  
  44  14:58  Pylon  
  40  15:02  Probe  
  40  15:06  Pylon  
  37  15:09  Stalker  
  32  15:16  Probe  
Show
View Real Time Build Order
Export as new Build Order

Mafdet Zerg - Winner!

Build Orders: Hatch First 

Get SALT Encoding   

  12  0:01  Drone  
  13  0:14  Overlord  
  13  0:17  Drone  
  14  0:42  Hatchery  
  13  0:47  Drone  
  15  0:50  Drone  
  15  0:56  Extractor  
  14  0:57  Drone  
  15  1:14  Spawning Pool  
  15  1:16  Drone  
  15  1:22  Drone  
  16  1:26  Drone  
  16  1:31  Drone  
  18  1:41  Overlord  
  18  1:51  Drone  
  19  1:57  Drone  
  19  2:00  Queen  
  22  2:07  Queen  
  24  2:11  Zergling x2  
  24  2:15  Zergling x2  
  26  2:20  Drone x2  
  28  2:33  Drone x2  
  30  2:50  Lair  
  30  2:53  Queen  
  30  2:58  Overlord x2  
  32  3:01  Drone x2  
  34  3:22  Overlord x4  
  34  3:23  Drone  
  34  3:24  Drone  
  36  3:35  Roach Warren  
  36  3:38  Evolution Chamber  
  36  3:40  Drone x2  
  36  3:42  Drone  
  37  3:55  Drone x5  
  42  4:09  Zerg Missile Weapons Level 1  
  42  4:15  Spore Crawler  
  41  4:20  Glial Reconstitution  
  41  4:26  Spore Crawler  
  40  4:33  Overlord x4  
  40  4:34  Overlord  
  40  4:35  Drone x4  
  44  4:46  Extractor  
  44  4:47  Extractor  
  44  4:48  Roach  
  44  4:49  Roach x3  
  50  4:58  Roach x3  
  56  5:01  Roach  
  56  5:02  Roach  
  56  5:06  Roach  
  62  5:11  Roach  
  64  5:14  Roach  
  64  5:17  Roach  
  68  5:26  Roach  
  70  5:37  Roach  
  70  5:42  Hatchery  
  71  5:43  Roach  
  74  6:18  Zergling x2  
  74  6:19  Zergling x22  
  85  6:31  Drone x5  
  85  6:32  Drone  
  91  6:47  Drone  
  91  6:49  Drone  
  93  7:02  Overlord x3  
  93  7:03  Roach  
  93  7:04  Roach x3  
  101  7:17  Ravager x5  
  106  7:23  Roach  
  106  7:24  Roach x3  
  106  7:25  Drone x5  
  119  7:55  Evolution Chamber  
  118  7:58  Zerg Ground Armor Level 1  
  118  8:02  Drone  
  118  8:03  Drone x12  
  131  8:17  Extractor  
  130  8:21  Zerg Missile Weapons Level 2  
  130  8:41  Extractor  
  130  8:43  Spore Crawler, Extractor  
  127  9:08  Drone x3  
  130  9:25  Hydralisk Den  
  129  9:35  Burrow  
  129  9:43  Roach x12  
  129  9:44  Overlord x2  
  129  9:45  Overlord x6  
  153  9:46  Overlord x6  
  153  9:54  Grooved Spines  
  153  10:02  Zerg Ground Armor Level 2  
  153  10:03  Lurker Den  
  153  10:07  Hydralisk x8  
  168  10:35  Hatchery  
  167  10:40  Roach x9  
  167  10:41  Roach  
  187  10:46  Drone  
  187  10:47  Drone x8  
  196  10:59  Hydralisk x2  
  200  11:06  Muscular Augments  
  200  11:28  Infestation Pit  
  199  11:33  Overseer x2  
  199  11:34  Overseer x6  
  179  12:17  Queen  
  181  12:34  Hive  
  180  12:41  Spire  
  178  13:02  Spire  
  177  13:12  Roach x2  
  183  13:13  Roach x5  
  183  13:15  Drone  
  183  13:16  Drone x5  
  183  13:17  Drone x2  
  188  13:38  Hydralisk x6  
  188  13:39  Hydralisk x2  
  195  13:49  Lair  
  195  13:52  Lair  
  195  14:09  Greater Spire  
  195  14:19  Adaptive Talons  
  195  14:32  Mutalisk, Infestor  
  188  14:53  Mutalisk x6  
Tags
 
Add a new tag
Caveats
  • Supply blocks, unpowered buildings, or Contaminate may cause inaccurate times.
  • Supply counts are checked every 10 seconds.